 Dungeon Crawl Stone Soup version 0.23-a0-667-gc184e93 (console) character file.

268 Voker57 the Slasher (level 6, 0/70 HPs)
             Began as a Demonspawn Gladiator on Jan 8, 2019.
             Succumbed to a worker ant's poison
             ... on level 4 of the Dungeon.
             The game lasted 00:05:23 (3568 turns).

Voker57 the Slasher (Demonspawn Gladiator)          Turns: 3568, Time: 00:05:24

Health: 0/70       AC: 23    Str: 15    XL:     6   Next: 1%
Magic:  3/6        EV:  2    Int: 14    God:
Gold:   97         SH:  0    Dex: 16    Spells: 5/5 levels left

rFire    . . .     SeeInvis .   a - +1 long sword
rCold    . . .     Gourm    .   (no shield)
rNeg     + + +     Faith    .   (armour currently unavailable)
rPois    +         Spirit   +   (helmet currently unavailable)
rElec    .         Reflect  .   (cloak currently unavailable)
rCorr    .         Harm     .   (gloves currently unavailable)
MR       .....     NoTele   +   (boots currently unavailable)
Stlth    +.........             (no amulet)
HPRegen  0.21/turn              (no ring)
MPRegen  0.20/turn              (no ring)

@: brilliant, lethally poisoned (0 -> -4), tree-form
A: magic shield, magic regeneration
a: no special abilities


You were on level 4 of the Dungeon.
You were not hungry.
You were a tree.
You visited 1 branch of the dungeon, and saw 4 of its levels.

You collected 97 gold pieces.

Inventory:

Hand Weapons
 a - a +1 long sword (weapon)
 n - a +0 blowgun
Missiles
 o - 3 curare-tipped needles
Armour
 b - a +1 leather armour (melded)
 c - a +0 helmet (melded)
Jewellery
 l - a cursed amulet of inaccuracy
 u - a +4 ring of dexterity {unknown}
Wands
 q - a wand of iceblast (12)
Scrolls
 g - 5 scrolls of remove curse
 j - a scroll of enchant weapon
 p - 2 scrolls of enchant armour
Potions
 e - a potion of haste
 k - a potion of berserk rage
Comestibles
 f - 10 rations
 r - a chunk of flesh


   Skills:
 + Level 3.5 Fighting
 * Level 4.7 Long Blades
 - Level 1.7 Throwing
 + Level 3.8 Dodging


You had 5 spell levels left.
You didn't know any spells.
Your spell library was empty.

Dungeon Overview and Level Annotations

Branches:
Dungeon (4/15)
 Temple: D:4-7

Altars:
Fedhas
Ru
Vehumet
Wu Jian


Innate Abilities, Weirdness & Mutations

((You have very sharp fingernails.))
When hurt, damage is shared between your health and your magic reserves.
You regenerate magic rapidly.


Message History

Your experience leads to an increase in your attributes!
Increase (S)trength, (I)ntelligence, or (D)exterity?
You feel agile.
It was a potion of brilliance.
You feel clever all of a sudden.
* * * LOW HITPOINT WARNING * * *
You feel sick.
You turn into a tree.
Your +0 helmet melds into your body.
Your +1 leather armour melds into your body.
Your roots penetrate the ground.
* * * LOW HITPOINT WARNING * * *
You feel sick.
There is a lethal amount of poison in your body!
There is a lethal amount of poison in your body!
There is a lethal amount of poison in your body!
* * * LOW HITPOINT WARNING * * *
You feel sick.
* * * LOW HITPOINT WARNING * * *
You feel sick.
You die...

########.## ...
.........
.......#.......##
.................
.........##≈≈.≈≈# #
.........##≈≈.≈≈##≈##
?........≈≈≈†...≈≈...
#.......≈≈..(..≈≈..#
.##.......≈≈..♣†.≈≈..#
..........≈≈.....≈≈..#
..........≈≈.....≈≈..#
..........##≈≈≈≈≈##...
....$..††.##≈≈≈≈≈##.##
.#####.?..........≈.#
#######....#####
#....##### #..).....#
#........#


There were no monsters in sight!

Vanquished Creatures
  2 orc wizards
  2 worker ants (D:4)
  A hound skeleton (D:4)
  3 gnolls
  2 adders
  2 oozes (D:1)
  2 worms (D:3)
  2 dart slugs
  2 leopard geckos (D:2)
  3 orcs
  4 giant cockroaches
  5 goblins
  11 hobgoblins
  12 jackals
  5 kobolds
  A quokka (D:3)
  A ball python (D:4)
  10 bats
  5 frilled lizards
  10 rats
85 creatures vanquished.

Notes
Turn   | Place    | Note
-------+----------+-------------------------------------------
     0 | D:1      | Voker57 the Demonspawn Gladiator began the quest for the
                  | Orb.
     0 | D:1      | Reached XP level 1. HP: 16/16 MP: 1/1
   138 | D:1      | Reached skill level 3 in Long Blades
   143 | D:1      | Gained mutation: When hurt, damage is shared between your
                  | health and your magic reserves. [demonic ancestry]
   143 | D:1      | Reached XP level 2. HP: 19/22 MP: 2/2
   541 | D:1      | Gained mutation: You have sharp fingernails. [demonic
                  | ancestry]
   541 | D:1      | Reached XP level 3. HP: 25/28 MP: 3/3
   844 | D:2      | HP: 1/28 [gnoll/+0 club (6)]
  1153 | D:2      | Gained mutation: You have very sharp fingernails. [demonic
                  | ancestry]
  1153 | D:2      | Reached XP level 4. HP: 22/34 MP: 2/4
  1386 | D:2      | Found a sacrificial altar of Ru.
  1386 | D:2      | Found a radiant altar of Vehumet.
  1391 | D:2      | Found a blossoming altar of Fedhas.
  1402 | D:2      | Found a faded altar of an unknown god.
  1404 | D:2      | Found a faded altar of an unknown god.
  1703 | D:3      | Reached skill level 4 in Long Blades
  2500 | D:3      | Found an ornate altar of the Wu Jian Council.
  2687 | D:3      | Gained mutation: You regenerate magic rapidly. [demonic
                  | ancestry]
  2687 | D:3      | Reached XP level 5. HP: 36/41 MP: 3/5
  3562 | D:4      | HP: 2/41 [poisoned by a worker ant]
  3562 | D:4      | Reached XP level 6. HP: 3/47 MP: 2/6
  3567 | D:4      | HP: 1/70 [poisoned by a worker ant]
  3568 | D:4      | Succumbed to a worker ant's poison

Vault maps used:
D:1:      minmay_arrival_four_houses, kennysheep_decorative_pillar,
          minmay_tall_x
D:2:      chequers_temple_overflow_minitemple
D:3:      lemuel_coloured_pillars_altar, minmay_misc_feat_square
D:4:      cheibrodos_sewer_entry_sluice

Skill      XL: |  1  2  3  4 |
---------------+-------------+-----
Long Blades    | 3 4 |  4.7
Dodging        | 3 |  3.8
Fighting       | 3 |  3.5
Throwing       | |  1.7

Action                   |  1- 3 |  4- 6 || total
-------------------------+-------+-------++-------
Melee: Long sword        |    87 |   163 ||   250
Throw: Throwing net      |     1 |     6 ||     7
  Use: Scroll            |       |     7 ||     7
       Potion            |       |     6 ||     6
 Stab: Sleeping          |       |     2 ||     2
       Held in net/web   |       |     1 ||     1
  Eat: Chunk             |       |     9 ||     9
Armor: Leather armour    |    25 |    57 ||    82
       Skin              |       |    17 ||    17
Dodge: Dodged            |    70 |   130 ||   200
       Rpst.: Long sword |    18 |    52 ||    70

Table legend:
 A = Non-vault XP
 B = Vault XP
 C = Vault XP percentage of total XP
 D = Non-vault monster count
 E = Vault monster count
 F = Vault count percentage of total count
                 A         B        C        D         E       F
            +---------+---------+-------+---------+---------+-------
      Total |     371 |      13 |   3.4 |      78 |       7 |   8.2
            +---------+---------+-------+---------+---------+-------
        D:1 |      66 |       5 |   7.0 |      24 |       4 |  14.3
        D:2 |      76 |       0 |   0.0 |      20 |       0 |   0.0
        D:3 |      85 |       5 |   5.6 |      22 |       1 |   4.3
        D:4 |     144 |       3 |   2.0 |      12 |       2 |  14.3
            +---------+---------+-------+---------+---------+-------
